 Dungeon Crawl Stone Soup version 0.32-a0-329-ge6c31236d6 (webtiles) character file.

Game seed: 8657128513798765992

2112 anacleto the Mimic (level 9, 0/75 HPs)
             Began as a Troll Shapeshifter on Feb 17, 2024.
             Was an Initiate of Qazlal.
             Slain by a hornet (10 damage)
             ... on level 7 of the Dungeon.
             The game lasted 00:12:18 (5764 turns).

anacleto the Mimic (Troll Shapeshifter)             Turns: 5764, Time: 00:12:19

Health: 0/75       AC:  4    Str: 34    XL:     9   Next: 8%
Magic:  8/8        EV:  9    Int:  6    God:    Qazlal [......]
Gold:   360        SH:  0    Dex:  9    Spells: 8/8 levels left

rFire   . .          .
                       - Unarmed
rCold   . . .        (no shield)
rNeg    . . .        a - +0 animal skin
rPois   .            (helmet currently unavailable)
rElec   .            s - melded +0 cloak
rCorr   .            (gloves unavailable)
SInv    .            (boots unavailable)
Will    .....        (no amulet)
Stlth   +            i - +6 ring of strength
HPRegen 1.12/turn    (no ring)
MPRegen 0.11/turn

%: no passive effects
@: lethally poisoned (0 -> -12), beast-form, slowed, very slow
A: beast (slay +4), large, unfitting armour, claws 3, regeneration 1, shaggy fur
1, tough skin 1
a: Begin Untransformation, Renounce Religion


You were on level 7 of the Dungeon.
You worshipped Qazlal.
Qazlal was noncommittal.
You were a hulking beast.
You visited 1 branch of the dungeon, and saw 7 of its levels.

You collected 360 gold pieces.

Inventory:

Missiles
 b - a throwing net
 n - 9 poisoned darts (quivered)
 v - 3 boomerangs
 D - 4 silver javelins
Armour
 a - a +0 animal skin (worn)
 s - a +0 cloak (melded)
Jewellery
 i - a +6 ring of strength (left claw)
 o - a ring of positive energy
 t - a ring of positive energy
 F - a +6 ring of strength
Talismans
 c - a beast talisman (active)
 d - a flux talisman
Scrolls
 f - a scroll of blinking
 g - a scroll of amnesia {unknown}
 j - a scroll of enchant weapon
 l - 3 scrolls of immolation
 m - a scroll of brand weapon {unknown}
 r - 2 scrolls of revelation
 u - a scroll of summoning {unknown}
 w - a scroll of fear
 y - a scroll of acquirement {unknown}
 z - a scroll of silence {unknown}
 C - a scroll of noise {unknown}
 G - 2 scrolls of vulnerability
 I - a scroll of poison {unknown}
Potions
 e - a potion of degeneration {unknown}
 h - a potion of haste
 k - 2 potions of curing
 x - 2 potions of enlightenment
 A - a potion of resistance
 B - a potion of brilliance {unknown}
 E - a potion of mutation {unknown}
 H - a potion of berserk rage {unknown}


   Skills:
 - Level 0.7 Fighting
 + Level 5.9 Throwing
 - Level 1.5 Dodging
 - Level 3.0 Unarmed Combat
 * Level 9.7 Shapeshifting


You had 8 spell levels left.
You didn't know any spells.
Your spell library contained the following spells:

 Spells                   Type           Power      Damage    Failure   Level
 Foxfire                  Conj/Fire      0%         2x1d4     45%         1
 Plasma Beam              Fire/Air       0%         2x1d10    100%        6
 Starburst                Conj/Fire      0%         6d3       100%        6


Dungeon Overview and Level Annotations

Branches:
Dungeon (7/15)             Temple (0/1) D:6

Altars:
Kikubaaqudgha
Qazlal
Sif Muna
Vehumet

Shops:
D:4 (

Annotations:
D:5 2 runed translucent doors, anacleto's ghost, amateur SpBr
D:6 3 runed translucent doors, IdlyInterested's ghost, novice DsFi
D:7 3 runed translucent doors, Gangsterbeez's ghost, novice MiFi; anacleto's ghost, novice DECj


Innate Abilities, Weirdness & Mutations

You are a hulking beast.
Your limbs bulge with bestial killing power. (Slay +4)
You are too large for most types of armour.
You have claws for hands.
Your natural rate of healing is unusually fast.
You are covered in fur. (AC +1)
You have tough skin. (AC +1)


Message History

You climb downwards.
Level annotation: 3 runed translucent doors, Gangsterbeez's ghost, novice MiFi; anacleto's ghost, novice DECj
There is a stone staircase leading up here.
The hornet buzzes angrily.
You see here a +0 hand axe of freezing.
A hornet is nearby!
You closely miss the hornet.
The hornet is moderately wounded.
The hornet stings you!
You feel yourself slow down.
You scratch the hornet.
The hornet is heavily wounded.
The hornet stings you!
You feel as though you will be slow longer.
The hornet stings you!
You are poisoned.
You feel as though you will be slow longer.
You scratch the hornet.
The hornet is heavily wounded.
You feel very sick. The hornet barely misses you. The hornet stings you.
You suddenly lose the ability to move!
You feel sick. The hornet stings you!
You are more poisoned.
You feel as though you will be slow longer.
The hornet stings you but does no damage.
You feel very sick. The hornet stings you.
* * * LOW HITPOINT WARNING * * *
You feel as though you will be slow longer.
You can move again.
You scratch the hornet.
The hornet is severely wounded.
You feel very sick.
The hornet stings you but does no damage.
The hornet stings you.
* * * LOW HITPOINT WARNING * * *
You are lethally poisoned!
You feel as though you will be slow longer.
The hornet stings you!
You die...

#.# #.. #.# #..
####### ##########.#
#.. #.....#
###.......##.###..
###.....##
##.#.#####.##......
...<....#
##.#..#####.######.#
#......###.###....##.#
#..
#.....(.###.#..##.##.#
###
#.#........h#.##.##.#
#.
#.....####y###.....###
#. #.#####.####
....##......## #.
#.....<.#
......#.......# #.
####.####
.......#.#.##..####. #
+..._...+............
#.......########.....
#.......# #.....
#.###.


You could see a hornet.

Vanquished Creatures
  A water moccasin (D:5)
  2 orc warriors (D:7)
  A black bear (D:6)
  An ice beast (D:7)
  A sky beast (D:7)
  3 ogres
  2 centaurs
  2 scorpions
  A bullfrog (D:7)
  3 bombardier beetles
  7 hounds
  2 orc priests (D:5)
  3 jellies
  4 sleepcaps
  2 iguanas
  2 orc wizards
  Robin (D:2)
  A gnoll (D:1)
  6 adders
  A shadow imp (D:5)
  A white imp (D:5)
  3 ribbon worms
  2 dart slugs
  10 orcs
  5 ball pythons
  6 bats
  3 endoplasms
  4 giant cockroaches
  8 goblins
  9 hobgoblins
  4 quokkas
  9 frilled lizards
  9 kobolds
  6 rats
125 creatures vanquished.

Notes
Turn   | Place    | Note
-------+----------+-------------------------------------------
     0 | D:1      | anacleto the Troll Shapeshifter began the quest for the
                  | Orb.
     0 | D:1      | Reached XP level 1. HP: 18/18 MP: 0/0
    38 | D:1      | Reached XP level 2. HP: 21/26 MP: 1/1
    77 | D:1      | Reached skill level 4 in Shapeshifting
   241 | D:1      | Reached XP level 3. HP: 30/32 MP: 2/2
   375 | D:1      | Found a faded altar of an unknown god.
   807 | D:2      | Noticed Robin
   819 | D:2      | Killed Robin
   820 | D:2      | Reached XP level 4. HP: 39/40 MP: 3/3
  1138 | D:2      | Reached skill level 1 in Throwing
  1269 | D:2      | Reached skill level 5 in Shapeshifting
  1722 | D:3      | Reached XP level 5. HP: 46/46 MP: 4/4
  2149 | D:3      | Found a shimmering blue altar of Sif Muna.
  2281 | D:4      | Found an ancient bone altar of Kikubaaqudgha.
  2481 | D:4      | Found Kewieb's Antique Weapon Boutique.
  2611 | D:4      | Noticed a black bear
  2619 | D:4      | Noticed an ogre
  2688 | D:4      | Killed an ogre
  2689 | D:4      | Reached XP level 6. HP: 54/54 MP: 5/5
  2912 | D:5      | Entered Level 5 of the Dungeon
  2949 | D:5      | Reached skill level 6 in Shapeshifting
  3175 | D:5      | Reached XP level 7. HP: 47/61 MP: 6/6
  3350 | D:5      | Reached skill level 7 in Shapeshifting
  3416 | D:5      | Found a large runed translucent door.
  3422 | D:5      | Found a large runed translucent door.
  3482 | D:5      | Noticed anacleto's ghost (amateur SpBr)
  3580 | D:5      | Found a glowing drain.
  4119 | D:6      | Found a staircase to the Ecumenical Temple.
  4137 | D:6      | Reached XP level 8. HP: 33/68 MP: 7/7
  4226 | D:6      | Reached skill level 8 in Shapeshifting
  4788 | D:6      | Found a runed translucent gate.
  4788 | D:6      | Found a runed translucent gate.
  4788 | D:6      | Found a runed translucent gate.
  4791 | D:6      | Noticed IdlyInterested's ghost (novice DsFi)
  4890 | D:7      | Reached skill level 5 in Throwing
  5008 | D:7      | Found a runed translucent gate.
  5009 | D:7      | Found a runed translucent gate.
  5010 | D:7      | Found a runed translucent gate.
  5010 | D:7      | Noticed Gangsterbeez's ghost (novice MiFi)
  5010 | D:7      | Noticed anacleto's ghost (novice DECj)
  5056 | D:7      | Reached skill level 9 in Shapeshifting
  5240 | D:7      | Found a stormy altar of Qazlal.
  5246 | D:7      | Became a worshipper of Qazlal Stormbringer
  5273 | D:7      | Reached XP level 9. HP: 24/75 MP: 8/8
  5621 | D:7      | Found a radiant altar of Vehumet.
  5626 | D:7      | Paralysed by a hornet for 3 turns
  5761 | D:7      | Paralysed by a hornet for 3 turns
  5764 | D:7      | Slain by a hornet

Illustrated notes

Levels and vault maps discovered:
D:1:      mrwooster_arrival_statue_2, layout_basic,
          shapermc_ecumenical_altar_ellora, minmay_lizard_pond
D:2:      layout_loops_ring, uniq_robin
D:3:      layout_basic, led_sif_pool, minivault_11
D:4:      layout_basic, mainiacjoe_overflow_concentric_impassable, serial_shops,
          kennysheep_mini_moat
D:5:      layout_basic, ebering_ghost_disaster_area, portal_sewer_entry_e
D:6:      layout_loops_ring, minmay_temple_entry_arrows,
          ebering_ghost_rock_garden
D:7:      layout_loops_cross, nicolae_vehumet_altar_sigil, grunt_qazlal_clouds,
          gammafunk_ghost_cemetery

Skill      XL: |  1  2  3  4  5  6  7  8 |
---------------+-------------------------+-----
Shapeshifting  | 4 5 6 7 9 |  9.7
Throwing       | 1 2 3 4 5 |  5.9
Fighting       | |  0.7
Dodging        | |  1.5
Unarmed Combat | |  3.0

Action                     |  1- 3 |  4- 6 |  7- 9 || total
---------------------------+-------+-------+-------++-------
  Melee: Unarmed           |    61 |   130 |   156 ||   347
         Punch             |     1 |     3 |     3 ||     7
  Throw: Dart              |       |     4 |     2 ||     6
         Boomerang         |       |     2 |       ||     2
         Javelin           |       |       |     4 ||     4
Ability: Begin Untransform |       |     1 |       ||     1
    Use: Scroll            |       |     2 |     8 ||    10
         Potion            |       |       |    11 ||    11
   Stab: Invisible         |       |       |     1 ||     1
 Armour: Animal skin       |    43 |    96 |   158 ||   297
         Skin              |       |       |    18 ||    18
  Dodge: Dodged            |    35 |    52 |    61 ||   148
   Form: Beast             |       |     1 |       ||     1

Table legend: (Time is in decaauts)
 A = Elapsed time spent in this place.
 B = Non-inter-level travel time spent in this place.
 C = Inter-level travel time spent in this place.
 D = Time resting spent in this place.
 E = Time spent auto-exploring this place.
 F = Levels seen in this place.
 G = Mean time per level.
                   A        B        C        D        E       F      G
               +--------+--------+--------+--------+--------+-----+--------+
         Total |   5721 |   5508 |    213 |    388 |   3874 |   7 |  817.3 |
       Dungeon |   5721 |   5508 |    213 |    388 |   3874 |   7 |  817.3 |
               +--------+--------+--------+--------+--------+-----+--------+

Top non-repeatable levels by time:
     D:5: 1104 daAuts
     D:7: 838 daAuts
     D:6: 816 daAuts
     D:1: 797 daAuts
     D:4: 776 daAuts
     D:2: 759 daAuts
     D:3: 629 daAuts
